 Dungeon Crawl Stone Soup version 0.18.1-48-g4cf74bf (webtiles) character file.

15524 Gargoyl the Protected (level 12, -1/92 HPs)
             Began as a Demonspawn Abyssal Knight on Sept 5, 2016.
             Was the Champion of Lugonu.
             Slain by a fire elemental (11 damage)
             ... summoned by a deep elf mage
             ... on level 12 of the Dungeon.
             The game lasted 00:31:58 (16963 turns).

Gargoyl the Protected (Demonspawn Abyssal Knight)  Turns: 16963, Time: 00:31:59

Health: -1/92      AC: 23    Str: 17    XL:     12   Next: 2%
Magic:  15/15      EV:  6    Int: 16    God:    Lugonu [******]
Gold:   454        SH: 13    Dex: 13    Spells: 0 memorised, 11 levels left

rFire  . . .     SeeInvis .     t - +8 war axe
rCold  . . .     Gourm    .     y - +0 plate armour
rNeg   . . .     Faith    .     k - +2 shield
rPois  .         Spirit   .     (helmet restricted)
rElec  +         Dismiss  .     w - +0 cloak
rCorr  .         Reflect  .     I - +0 pair of gloves
SustAt +         Harm     .     (boots unavailable)
MR     .....                    (no amulet)
Stlth  ..........               (no ring)
                                B - ring of sustain attributes

@: not resistant to hostile enchantments, extremely unstealthy
A: horns 1, talons 3, iridescent scales 2, camouflage 1, blurry vision 1, clever
1, nightstalker 2, electricity resistance
a: Depart the Abyss, Bend Space, Banish, Corrupt, Enter the Abyss, Brand Weapon
With Distortion, Renounce Religion


You were on level 12 of the Dungeon.
You worshipped Lugonu.
Lugonu was exalted by your worship.
You were hungry.

You visited 1 branch of the dungeon, and saw 12 of its levels.
You visited the Abyss 1 time.
You also visited: Sewer and Bailey.

You collected 772 gold pieces.
You spent 318 gold pieces at shops.

Inventory:

Hand Weapons
 t - a +8 war axe (weapon)
Missiles
 l - 3 poisoned tomahawks
 o - 5 tomahawks (quivered)
Armour
 k - a +2 shield (worn)
 w - a +0 cloak (worn)
 y - a +0 plate armour (worn)
 I - a +0 pair of gloves (worn)
 M - the +1 helmet of Charity {MP+9 Str+2 Dex-2, unknown}
   (You found it on level 12 of the Dungeon)

   It affects your strength (+2).
   It affects your dexterity (-2).
   It affects your magic capacity (+9).
Jewellery
 B - a ring of sustain attributes (left hand)
Wands
 b - a wand of iceblast (14/15)
 m - a wand of teleportation (7/9)
 n - a wand of digging (15/24)
 u - a wand of teleportation (1/9)
 x - a wand of disintegration (10/24)
 z - a wand of iceblast (11/15)
 D - a wand of flame (26/48)
 F - a wand of digging (14/24)
 O - a wand of iceblast (6/15)
 P - a wand of disintegration (13/24)
 T - a wand of digging (13/24)
Scrolls
 e - 4 scrolls of teleportation
 f - 4 scrolls of fear
 g - 3 scrolls of recharging
 r - 6 scrolls of identify
 s - 7 scrolls of remove curse
 v - 2 scrolls of blinking
 A - a scroll of magic mapping
 K - 2 scrolls of amnesia
 S - a scroll of summoning {unknown}
Potions
 a - 4 potions of flight
 j - 2 potions of curing
 H - a potion of magic
 J - a potion of heal wounds
Books
 G - a book of Flames

   Spells                             Type                      Level
   a - Flame Tongue                   Conjuration/Fire             1
   b - Throw Flame                    Conjuration/Fire             2
   c - Conjure Flame                  Conjuration/Fire             3
   d - Inner Flame                    Hexes/Fire                   3
   e - Sticky Flame                   Conjuration/Fire             4
   f - Fireball                       Conjuration/Fire             5
Miscellaneous
 E - a box of beasts
 L - a box of beasts
 Q - a sack of spiders
Comestibles
 c - 9 bread rations
 d - 12 slices of pizza
 h - 3 beef jerkies
 i - a royal jelly
 p - 10 fruits
 q - 3 meat rations
 N - a chunk of flesh


   Skills:
 + Level 7.9 Fighting
 + Level 8.6 Axes
 + Level 0.5 Throwing
 * Level 10.8 Armour
 + Level 4.2 Dodging
 + Level 0.4 Stealth
 + Level 8.5 Shields
 + Level 4.2 Invocations


You had 11 spell levels left.
You didn't know any spells.

Dungeon Overview and Level Annotations

Branches:
Dungeon (12/15)            Temple (0/1) D:7            Lair (0/8) D:11
    Orc: D:9-12

Altars:
Cheibriados
Dithmenos
Makhleb
Nemelex Xobeh
Pakellas
Ru
Sif Muna
Trog
Vehumet
Xom
Yredelemnul
The Shining One

Shops:
D:4 }   D:7 [   D:8 (

Annotations:
Abyss:1 Menkaure


Innate Abilities, Weirdness & Mutations

You have claws for feet.
You are mostly covered in iridescent scales (AC +6).
You are significantly more attuned to the shadows.
You have a pair of small horns on your head.
Your skin changes colour to match your surroundings (Stealth).
Scrolls take you a little longer to read.
Your mind is acute. (Int +2)
You are resistant to electric shocks.


Message History

Unknown command.
You hit the deep elf mage. Your headbutt misses the deep elf mage.
The deep elf mage is heavily wounded.
You closely miss the fire elemental.
The fire elemental is lightly damaged.
The fire elemental hits you. The fire elemental burns you!
* * * LOW HITPOINT WARNING * * *
You block the deep elf mage's attack.
You closely miss the deep elf mage. Your kick misses the deep elf mage.
Your headbutt misses the deep elf mage.
The deep elf mage is heavily wounded.
You slash the fire elemental!
The fire elemental is moderately damaged.
The fire elemental hits you.
* * * LOW HITPOINT WARNING * * *
The fire elemental burns you!
* * * LOW HITPOINT WARNING * * *
The deep elf mage barely misses you. The fire elemental hits you.
The fire elemental burns you!
You die...

#. #. #. #. #.#######
#...E.... ########
###@##### #......####
#...e..# ##.#.......#
#.#.##... #....##.##.#
#.#... ..
#....##.##.###.####.##
#.†..##........# .
##......##.#####
.).†.....#.#
##..........


You could see a deep elf mage and a fire elemental.

Vanquished Creatures
  Erica (D:8)
  An unseen horror (D:10)
  Pikel (D:8)
  A deep elf mage (D:11)
  2 hill giants
  A cyclops (D:11)
  Joseph (D:8)
  Psyche (D:8)
  A hog (D:7)
  17 yaks
  A human (D:7)
  Grum (D:11)
  A big kobold (D:8)
  A water moccasin (D:6)
  A wasp (D:11)
  A sky beast (D:7)
  3 orc warriors
  Purgy (Sewer)
  An eye of draining (D:10)
  2 phantoms
  An ice beast (D:10)
  6 centaurs
  2 wolves (D:11)
  9 ogres
  11 giant frogs
  8 gnoll sergeants (Bailey)
  A water moccasin zombie (D:11)
  4 scorpions
  A wyvern skeleton (D:11)
  6 killer bees
  4 howler monkeys
  3 jellies (D:6)
  7 wights
  3 crimson imps
  A giant frog zombie (D:7)
  6 gnoll shamans (Bailey)
  10 hounds
  7 orc priests
  10 orc wizards
  3 centaur skeletons
  2 giant frog skeletons (D:11)
  Natasha (thrice) (D:2)
  2 hell rats (D:7)
  7 iguanas
  9 worker ants
  7 sheep
  A killer bee zombie (D:10)
  A hound skeleton (D:4)
  A howler monkey zombie (D:7)
  A worker ant zombie (D:6)
  14 gnolls (Bailey)
  A howler monkey skeleton (D:8)
  20 adders
  12 river rats
  2 shadow imps
  3 oozes
  2 adder zombies
  2 adder skeletons
  A worm (D:4)
  2 dart slugs (D:1)
  7 giant geckos
  45 orcs
  9 bats
  8 giant cockroaches
  8 hobgoblins
  12 jackals
  4 quokkas
  A giant gecko skeleton (D:4)
  A giant gecko zombie (D:6)
  7 giant newts
  14 goblins
  A jackal skeleton (D:4)
  A jackal zombie (D:5)
  23 kobolds
  4 quokka skeletons
  26 rats
407 creatures vanquished.

Vanquished Creatures (others)
  Erolcha (D:10)
  The ghost of Snowbuddha the Grave Robber, a novice HONe of Ashenzari (D:5)
  The ghost of Qew7 the Ruffian, an amateur TrMo (D:4)
  A slave (D:8)
  A worker ant (D:8)
  2 kobolds (D:8)
  A quokka zombie (D:8)
  8 fungi (D:10)
16 creatures vanquished.

Grand Total: 423 creatures vanquished

Notes
Turn   | Place    | Note
--------------------------------------------------------------
     0 | Abyss:1  | Gargoyl the Demonspawn Abyssal Knight began the quest for the Orb.
     0 | Abyss:1  | Reached XP level 1. HP: 18/18 MP: 2/2
    49 | Abyss:1  | Noticed a chaos spawn
    93 | Abyss:2  | Noticed a small abomination
    96 | D:1      | Escaped the Abyss
   624 | D:1      | Gained mutation: You have sharp toenails. [demonic ancestry]
   624 | D:1      | Reached XP level 2. HP: 24/24 MP: 3/3
   642 | D:1      | Reached skill level 2 in Armour
   661 | D:1      | Reached * piety under Lugonu
   673 | D:1      | Reached skill level 1 in Dodging
   793 | D:1      | Reached XP level 3. HP: 24/29 MP: 4/4
  1764 | D:2      | Reached skill level 3 in Armour
  1764 | D:2      | Reached XP level 4. HP: 17/37 MP: 5/5
  2122 | D:2      | Noticed Natasha
  2135 | D:2      | Killed Natasha
  2135 | D:2      | Reached skill level 1 in Shields
  2139 | D:2      | Noticed Natasha
  2149 | D:2      | Reached ** piety under Lugonu
  2164 | D:2      | Killed Natasha
  2164 | D:2      | Gained mutation: You are partially covered in iridescent scales (AC +4). [demonic ancestry]
  2164 | D:2      | Reached XP level 5. HP: 13/42 MP: 6/6
  2179 | D:2      | Noticed Natasha
  2195 | D:2      | HP: 2/42 [crimson imp[Natasha] (2)]
  2198 | D:2      | Killed Natasha
  3500 | D:3      | Found a glowing drain.
  3531 | Sewer    | Entered a sewer
  3612 | Sewer    | Gained mutation: You have razor-sharp toenails. [demonic ancestry]
  3612 | Sewer    | Reached XP level 6. HP: 48/48 MP: 7/7
  3656 | Sewer    | Noticed Purgy
  3692 | Sewer    | Killed Purgy
  3692 | Sewer    | Reached skill level 4 in Armour
  4411 | D:4      | Noticed Qew7's ghost (amateur TrMo)
  4418 | D:4      | Gained mutation: You are resistant to electric shocks. [potion of mutation]
  4418 | D:4      | Gained mutation: Your mind is acute. (Int +2) [potion of mutation]
  4418 | D:4      | Gained mutation: Scrolls take you a little longer to read. [potion of mutation]
  5106 | D:4      | Reached *** piety under Lugonu
  5166 | D:3      | HP: 2/48 [poisoned by an adder]
  5813 | D:4      | Gained mutation: You are mostly covered in iridescent scales (AC +6). [demonic ancestry]
  5813 | D:4      | Reached XP level 7. HP: 33/54 MP: 8/8
  6091 | D:4      | Reached skill level 5 in Armour
  6198 | D:4      | Found an oddly glowing altar of Pakellas.
  6198 | D:4      | Found Pakellas's Prime Provisions.
  6575 | D:4      | Banished Qew7's ghost
  6843 | D:4      | Got an ancient scale mail
  6846 | D:4      | Identified the +1 scale mail "Seamiyrph" {*Contam *Corrode rPois Str+10} (You found it on level 4 of the Dungeon)
  7175 | D:4      | Found a glowing golden altar of the Shining One.
  7302 | D:4      | Found a glowing golden altar of the Shining One.
  7353 | D:4      | Gained mutation: You are slightly more attuned to the shadows. [demonic ancestry]
  7353 | D:4      | Reached XP level 8. HP: 58/61 MP: 8/10
  7370 | D:5      | Entered Level 5 of the Dungeon
  7402 | D:5      | Reached skill level 6 in Armour
  7423 | D:5      | Noticed Snowbuddha's ghost (novice HONe)
  7441 | D:5      | Gained mutation: You have a pair of small horns on your head. [potion of beneficial mutation]
  7448 | D:5      | Banished Snowbuddha's ghost
  7631 | D:5      | Found a deep blue altar of Sif Muna.
  7631 | D:5      | Found an oddly glowing altar of Pakellas.
  7641 | D:5      | Found a sacrificial altar of Ru.
  7641 | D:5      | Found a sparkling altar of Nemelex Xobeh.
  7643 | D:5      | Found a snail-covered altar of Cheibriados.
  7647 | D:5      | Found a shadowy altar of Dithmenos.
  8081 | D:5      | Reached skill level 5 in Fighting
  8137 | D:5      | Found a sacrificial altar of Ru.
  8299 | D:6      | Noticed Menkaure
  8310 | D:6      | Banished Menkaure
  8767 | D:6      | Reached **** piety under Lugonu
  8767 | D:6      | Reached skill level 7 in Armour
  8872 | D:6      | Gained mutation: You are significantly more attuned to the shadows. [demonic ancestry]
  8872 | D:6      | Reached XP level 9. HP: 65/68 MP: 12/12
  9403 | D:6      | Found a basalt altar of Yredelemnul.
  9848 | D:7      | Reached skill level 5 in Shields
 10071 | D:7      | Found Bucot's Antique Armour Shoppe.
 10093 | D:7      | Bought a pair of boots for 103 gold pieces
 10093 | D:7      | Bought a cloak for 103 gold pieces
 10293 | D:7      | Reached skill level 5 in Axes
 10573 | D:7      | Reached ***** piety under Lugonu
 10832 | D:7      | Identified a scroll of acquirement
 10862 | D:7      | Found a staircase to the Ecumenical Temple.
 10940 | D:7      | Reached skill level 8 in Armour
 11400 | D:8      | Gained mutation: You have claws for feet. [demonic ancestry]
 11400 | D:8      | Reached XP level 10. HP: 75/76 MP: 13/13
 11450 | D:8      | Found Cykitofokk's Antique Weapon Emporium.
 11456 | D:8      | Bought a glowing war axe for 112 gold pieces
 11534 | D:8      | Noticed Erica
 11535 | D:8      | Noticed Pikel
 11545 | D:8      | Killed Erica
 11551 | D:8      | Killed Pikel
 11941 | D:8      | Noticed Joseph
 12223 | D:8      | Noticed Psyche
 12233 | D:8      | Killed Psyche
 12361 | D:8      | Killed Joseph
 12361 | D:8      | Reached skill level 9 in Armour
 12565 | D:9      | Reached ****** piety under Lugonu
 12613 | D:9      | Found a bloodstained altar of Trog.
 12644 | D:9      | Found a shimmering altar of Xom.
 13034 | D:10     | Entered Level 10 of the Dungeon
 13048 | D:10     | Noticed a hill giant
 13056 | D:10     | Killed a hill giant
 13087 | D:10     | Found a flagged portal.
 13097 | D:10     | Reached XP level 11. HP: 63/83 MP: 14/14
 13151 | Bailey   | Entered a bailey
 14146 | D:10     | Found an oddly glowing altar of Pakellas.
 14223 | D:10     | Killed an unseen horror
 14223 | D:10     | Reached skill level 10 in Armour
 14632 | D:10     | Noticed Erolcha
 14649 | D:10     | Killed Erolcha
 15224 | D:11     | Noticed Grum
 15240 | D:11     | Killed Grum
 15491 | D:11     | Found a staircase to the Lair.
 15713 | D:11     | Noticed a deep elf mage
 15726 | D:11     | Killed a deep elf mage
 15847 | D:11     | Noticed a hill giant
 15856 | D:11     | Killed a hill giant
 16182 | D:11     | Found a burning altar of Makhleb.
 16495 | D:11     | Found a radiant altar of Vehumet.
 16680 | D:12     | Got a dazzling helmet
 16689 | D:12     | Gained mutation: Your skin changes colour to match your surroundings (Stealth). [potion of beneficial mutation]
 16738 | D:12     | Reached XP level 12. HP: 48/92 MP: 15/15
 16963 | D:12     | Slain by a fire elemental

Skill      XL: |  1  2  3  4  5  6  7  8  9 10 11 |
---------------+----------------------------------+-----
Armour         | 2 3 4 5 7 8 9 10 | 10.8
Dodging        | 1 2 3 4 |  4.2
Axes           | 2 3 4 5 7 8 |  8.6
Shields        | 1 2 3 4 5 7 8 |  8.5
Fighting       | 4 5 6 7 |  7.9
Invocations    | 4 |  4.2
Throwing       | |  0.5
Stealth        | |  0.4

Action                   |  1- 3 |  4- 6 |  7- 9 | 10-12 || total
-------------------------+-------+-------+-------+-------++-------
Melee: Hand axe          |    99 |       |       |       ||    99
       Kick              |    25 |    64 |    81 |   173 ||   343
       War axe           |    34 |   320 |   473 |   593 ||  1420
       Headbutt          |       |       |    62 |   103 ||   165
Throw: Tomahawk          |       |     4 |     3 |     2 ||     9
Invok: Depart the Abyss  |     1 |       |       |       ||     1
       Banish            |       |       |     4 |       ||     4
Evoke: Wand              |       |       |     1 |       ||     1
  Use: Potion            |       |    13 |     5 |    10 ||    28
       Scroll            |       |     9 |    13 |     5 ||    27
  Eat: Chunk             |     3 |     9 |    18 |    19 ||    49
       Bread ration      |       |     1 |       |       ||     1
       Fruit             |       |     1 |       |       ||     1
       Royal jelly       |       |       |     1 |       ||     1
Armor: Chain mail        |   102 |   309 |   182 |       ||   593
       Plate armour      |       |       |    84 |   396 ||   480
Dodge: Dodged            |    26 |    88 |   111 |   112 ||   337
Block: Shield            |    30 |   202 |   283 |   459 ||   974
